 Dungeon Crawl Stone Soup version 0.17.1-3-g152610e (webtiles) character file.

128 Heskey the Skirmisher (level 4, 0/37 HPs)
             Began as a Demonspawn Fighter on Apr 4, 2016.
             Killed from afar by an orc wizard (10 damage)
             ... with a magic dart
             ... on level 3 of the Dungeon.
             The game lasted 00:03:41 (2230 turns).

Heskey the Skirmisher (Demonspawn Fighter)          Turns: 2230, Time: 00:03:41

Health: 0/37       AC: 11    Str: 18    XL:     4   Next: 86%
Magic:  4/4        EV:  3    Int:  9    God:
Gold:   183        SH:  9    Dex: 12    Spells: 0 memorised, 3 levels left

rFire  . . .     SeeInvis .     a - +1 trident
rCold  . . .     Clarity  .     f - +0 plate armour
rNeg   . . .     SustAt   .     c - +0 shield
rPois  .         Gourm    .     (helmet restricted)
rElec  .         Spirit   .     (no cloak)
rCorr  .         Warding  .     (no gloves)
rMut   .         Stasis   .     (no boots)
MR     .....                    (no amulet)
Stlth  ..........               (no ring)
                                (no ring)

@: not resistant to hostile enchantments, extremely unstealthy
A: horns 1, talons 1, demonic guardian 1
a: no special abilities


You were on level 3 of the Dungeon.
You were not hungry.

You visited 1 branch of the dungeon, and saw 3 of its levels.

You collected 183 gold pieces.

Inventory:

Hand Weapons
 a - a +1 trident (weapon)
Missiles
 l - a throwing net (quivered)
Armour
 c - a +0 shield (worn)
 f - a +0 plate armour (worn)
Scrolls
 h - a scroll of remove curse {unknown}
 m - 2 scrolls of identify
 n - a scroll of fear
 q - a scroll of enchant weapon
Potions
 d - a potion of might
 g - a potion of poison {unknown}
 i - a potion of brilliance
 o - a potion of beneficial mutation {unknown}
 p - 2 potions of magic {unknown}
 r - a potion of heal wounds
 s - a potion of haste
Comestibles
 b - 2 meat rations
 e - 3 bread rations
 k - 5 fruits


   Skills:
 * Level 4.2 Fighting
 + Level 2.6 Polearms
 + Level 3.2 Armour
 + Level 3.3 Shields


You had 3 spell levels left.
You didn't know any spells.

Dungeon Overview and Level Annotations

Branches:
Dungeon (3/15)

Altars:
Kikubaaqudgha
Xom
Zin


Innate Abilities, Weirdness & Mutations

You have a pair of small horns on your head.
You have sharp toenails.
A weak demonic guardian rushes to your aid.


Message History

Unknown command.
You closely miss the orc. Something hits you.
The orc hits you but does no damage.
Unknown command.
You closely miss the orc. You claw the orc, but do no damage.
You hear some strange, mumbled words.
A puff of flame appears from out of thin air!
The puff of flame misses you. The orc barely misses you.
You hear some strange, mumbled words.
A puff of flame appears from out of thin air!
The puff of flame hits you!
Your shield and plate armour prevent you from hitting the orc.
You claw the orc, but do no damage. Something hits you.
* * * LOW HITPOINT WARNING * * *
The orc hits you.
* * * LOW HITPOINT WARNING * * *
You hear some strange, mumbled words.
A magic dart appears from out of thin air!
The magic dart hits you!
You die...

#.....#######################
#.....# ... ... .........
#####.....# #.####.####.####.#
...##.....# #.#..+.+..#(# +.+
...(<.....# #.#.)#.#.†#.# #.#
...÷#...(.#.##+#.##'#.##'#.##+#.#
...##.#####......................
#####.# #.##+#.##'#.##+#.##+#.#
#..# #.# #@#..#.#..#.#..#.# #.##
#.#..o{+..#.#..')'..#.# #.#
#.####.####.####.####.# #.# #..
... ........(..... #.# #.#
################## ###.###
#.#####.....
##.....####.......##### #####.
#...................... ......
##.....###..........#####...##


You could see an orc.

Vanquished Creatures
  A gnoll (D:1)
  3 adders
  An ooze (D:2)
  A worm (D:3)
  3 giant geckos
  4 orcs (D:3)
  7 bats
  2 bat zombies (D:3)
  5 giant cockroaches
  10 goblins
  4 hobgoblins
  4 jackals (D:1)
  2 quokkas (D:3)
  3 ball pythons
  9 giant newts
  11 kobolds
  10 rats
  A rat zombie (D:3)
81 creatures vanquished.

Notes
Turn   | Place    | Note
--------------------------------------------------------------
     0 | D:1      | Heskey the Demonspawn Fighter began the quest for the Orb.
     0 | D:1      | Reached XP level 1. HP: 18/18 MP: 1/1
   174 | D:1      | Gained mutation: A weak demonic guardian rushes to your aid. [demonic ancestry]
   174 | D:1      | Reached XP level 2. HP: 16/24 MP: 2/2
   291 | D:1      | Gained mutation: You have sharp toenails. [demonic ancestry]
   291 | D:1      | Reached XP level 3. HP: 20/29 MP: 3/3
  1257 | D:2      | Found a glowing silver altar of Zin.
  1259 | D:2      | Noticed an angel
  1275 | D:2      | Found a shimmering altar of Xom.
  1409 | D:2      | Gained mutation: You have a pair of small horns on your head. [demonic ancestry]
  1409 | D:2      | Reached XP level 4. HP: 37/37 MP: 4/4
  1421 | D:2      | Reached skill level 4 in Fighting
  2074 | D:3      | Found an ancient bone altar of Kikubaaqudgha.
  2230 | D:3      | Killed from afar by an orc wizard

Action                   |  1- 3 |  4- 6 || total
-------------------------+-------+-------++-------
Melee: Trident           |   213 |   121 ||   334
  Use: Scroll            |       |     7 ||     7
       Potion            |       |     4 ||     4
 Stab: Invisible         |       |     4 ||     4
  Eat: Chunk             |     2 |     3 ||     5
